 Dungeon Crawl Stone Soup version 0.30-a0-824-g6c64550be9 (webtiles) character file.

Game seed: 9285237685956234942

97 cforsyth the Sneak (level 5, -3/32 HPs)
             Began as a Kobold Brigand on Feb 27, 2023.
             Splashed by a jelly's acid (5 damage)
             ... on level 3 of the Dungeon.
             The game lasted 00:02:15 (2021 turns).

cforsyth the Sneak (Kobold Brigand)                 Turns: 2021, Time: 00:02:16

Health: -3/32      AC: -8    Str:  9    XL:     5   Next: 0%
Magic:  5/5        EV: 15    Int: 12    God:
Gold:   133        SH:  0    Dex: 18    Spells: 4/4 levels left

rFire   . . .      SeeInvis .    m - +2 short sword (flame)
rCold   . . .      Faith    .    (no shield)
rNeg    . . .      Spirit   .    b - +0 robe
rPois   +          Reflect  .    (no helmet)
rElec   .          Harm     .    c - +0 cloak
rCorr   .          Rampage  .    (no gloves)
Will    .....                    q - +0 pair of boots
Stlth   ++++                     (no amulet)
HPRegen 0.25/turn                s - ring of poison resistance
MPRegen 0.09/turn                (no ring)

@: corroded
A: small, no large weapons, nightstalker 3
a: no special abilities


You were on level 3 of the Dungeon.
You visited 1 branch of the dungeon, and saw 3 of its levels.

You collected 133 gold pieces.

Inventory:

Hand Weapons
 a - a +2 dagger
 m - a +2 short sword of flaming (weapon)
Missiles
 d - 17 poisoned darts (quivered)
 e - 3 curare-tipped darts
Armour
 b - a +0 robe (worn)
 c - a +0 cloak (worn)
 q - a +0 pair of boots (worn)
Jewellery
 s - a ring of poison resistance (left hand)
Scrolls
 g - 3 scrolls of magic mapping {unknown}
 i - a scroll of vulnerability {unknown}
 j - a scroll of teleportation {unknown}
 k - a scroll of immolation {unknown}
 l - 2 scrolls of identify {unknown}
 p - 2 scrolls of blinking {unknown}
 r - a scroll of summoning {unknown}
 t - a scroll of enchant armour {unknown}
Potions
 f - a potion of resistance {unknown}
 h - 3 potions of curing {unknown}
 n - a potion of mutation {unknown}
 o - a potion of brilliance {unknown}


   Skills:
 + Level 3.1 Fighting
 + Level 3.9 Short Blades
 - Level 2.1 Throwing
 + Level 2.7 Dodging
 + Level 6.1 Stealth


You had 4 spell levels left.
You didn't know any spells.
Your spell library contained the following spells:

 Spells                   Type           Power      Damage    Failure   Level
 Ignite Poison            Fire/Tmut/Pois 0%         N/A       69%         3
 Kindle Blastsparks       Fire/Tloc/Air  0%         2d10      69%         3
 Portal Projectile        Hex/Tloc       0%         N/A       69%         3
 Tukima's Dance           Hex            0%         N/A       69%         3
 Alistair's Intoxication  Tmut/Pois      0%         N/A       100%        5
 Blade Hands              Tmut           0%         N/A       100%        5
 Freezing Cloud           Conj/Ice/Air   0%         6-21      100%        5
 Statue Form              Tmut/Erth      0%         N/A       100%        6


Dungeon Overview and Level Annotations

Branches:
Dungeon (3/15)

Altars:
Xom


Innate Abilities, Weirdness & Mutations

You are small and have problems with some larger weapons.
You are completely attuned to the shadows.


Message History

You feel as though Xom is toying with you.
Suddenly, the walls become transparent!
You open the door.
There is an open door here.
You swap places.
You open the door.
Found a shimmering altar of Xom.
There is an open door here.
You open the door.
The jelly quivers.
A jelly is nearby!
A jelly is nearby!
You hit the jelly. You burn the jelly.
Your hands burn!
The jelly is lightly wounded.
The jelly misses you.
You hit the jelly. You burn the jelly.
Your hands burn!
The jelly is moderately wounded.
The jelly hits you but does no damage.
You hit the jelly. You burn the jelly. The acid corrodes you!
Your hands burn!
The jelly is severely wounded.
The jelly hits you. The acid corrodes you!
You are splashed with acid.
You hit the jelly. You burn the jelly. The acid corrodes you!
Your hands burn!
The jelly is almost dead.
You are too injured to fight recklessly!
You are too injured to fight recklessly!
You are too injured to fight recklessly!
You are too injured to fight recklessly!
You are too injured to fight recklessly!
You are too injured to fight recklessly!
You are too injured to fight recklessly!
You are too injured to fight recklessly!
You are too injured to fight recklessly!
You hit the jelly but do no damage.
Your hands burn!
The jelly is almost dead.
The jelly hits you.
* * * LOW HITPOINT WARNING * * *
You are splashed with acid!
* * * LOW HITPOINT WARNING * * *
You hit the jelly. You burn the jelly.
Your hands burn!
You die...

##...?. #########
##.....##### #..._...#...
#......@# #+##'##J#
#.##.# ##+##'##+##
#.........# +######
#.....g...# #.##....
#.....(...# #.##..##
####.##.##########.##..##
#.......##............


You could see a jelly.

Vanquished Creatures
  Jessica (D:2)
  An adder (D:2)
  3 dart slugs
  5 endoplasms
  3 giant cockroaches
  5 goblins (D:1)
  5 hobgoblins
  2 quokkas
  3 ball pythons
  6 bats
  3 frilled lizards
  8 kobolds
  8 rats
53 creatures vanquished.

Notes
Turn   | Place    | Note
-------+----------+-------------------------------------------
     0 | D:1      | cforsyth the Kobold Brigand began the quest for the Orb.
     0 | D:1      | Reached XP level 1. HP: 12/12 MP: 1/1
     7 | D:1      | Noticed a swamp drake
     7 | D:1      | Noticed a water moccasin
     7 | D:1      | Noticed a swamp worm
   133 | D:1      | Reached XP level 2. HP: 18/18 MP: 2/2
   498 | D:1      | Reached XP level 3. HP: 22/22 MP: 3/3
   871 | D:1      | Noticed a komodo dragon
  1160 | D:2      | Noticed Jessica
  1163 | D:2      | Killed Jessica
  1164 | D:2      | Reached skill level 6 in Stealth
  1164 | D:2      | Reached XP level 4. HP: 28/28 MP: 4/4
  1776 | D:3      | Reached XP level 5. HP: 32/32 MP: 5/5
  1812 | D:3      | Got the Octavo of the Xenotype
  2009 | D:3      | Found a shimmering altar of Xom.
  2021 | D:3      | Splashed by a jelly's acid

Illustrated notes

Levels and vault maps discovered:
D:1:      onia_arrival_zoo_common, layout_basic, chequers_jeans,
          chequers_serial_rivers_micro_e
D:2:      layout_loops_ring, grunt_decor_resistance,
          chequers_serial_rivers_room_b, minmay_pentomino_r2, uniq_jessica
D:3:      minmay_general_purpose_star, layout_loops_corners,
          mainiacjoe_overflow_divided_tiny, dk_xom_monty_hall, uniq_ijyb

Skill      XL: |  1  2  3 |
---------------+----------+-----
Short Blades   | 3 |  3.9
Dodging        | 2 |  2.7
Fighting       | 3 |  3.1
Stealth        | 6 |  6.1
Throwing       | |  2.1

Action                     |  1- 3 |  4- 6 || total
---------------------------+-------+-------++-------
  Melee: Dagger            |    32 |       ||    32
         Short sword       |    14 |    39 ||    53
         Punch             |       |     1 ||     1
   Stab: Sleeping          |    27 |     8 ||    35
 Armour: Robe              |     3 |     7 ||    10
  Dodge: Dodged            |     7 |    19 ||    26

Table legend: (Time is in decaauts)
 A = Elapsed time spent in this place.
 B = Non-inter-level travel time spent in this place.
 C = Inter-level travel time spent in this place.
 D = Time resting spent in this place.
 E = Time spent auto-exploring this place.
 F = Levels seen in this place.
 G = Mean time per level.
                   A        B        C        D        E       F      G
               +--------+--------+--------+--------+--------+-----+--------+
         Total |   2007 |   1972 |     35 |      0 |   1690 |   3 |  669.0 |
       Dungeon |   2007 |   1972 |     35 |      0 |   1690 |   3 |  669.0 |
               +--------+--------+--------+--------+--------+-----+--------+

Top non-repeatable levels by time:
     D:1: 944 daAuts
     D:2: 748 daAuts
     D:3: 315 daAuts
